 Dungeon Crawl Stone Soup version 0.28-a0-537-g3bccd9ccbf (webtiles) character file.

Game seed: 1745044299342350870

582 omnomnOMINOUS the Chiller (level 7, 0/50 HPs)
             Began as an Octopode Wanderer on Sept 27, 2021.
             Was a Believer of Kikubaaqudgha.
             Slain by a phantom (6 damage)
             ... on level 4 of the Dungeon.
             The game lasted 00:12:36 (4058 turns).

omnomnOMINOUS the Chiller (Octopode Wanderer)       Turns: 4058, Time: 00:12:37

Health: 0/50       AC:  1    Str: 10    XL:     7   Next: 36%
Magic:  5/7        EV: 14    Int: 14    God:    Kikubaaqudgha [**....]
Gold:   178        SH:  0    Dex: 13    Spells: 2/6 levels left

rFire   . . .      SeeInvis .   a - +0 spear
rCold   . . .      Faith    .   (no shield)
rNeg    . . .      Spirit   .   (helmet restricted)
rPois   .          Reflect  .   (no amulet)
rElec   .          Harm     .   (no ring)
rCorr   .          Rampage  .   (no ring)
Will    .....                   (no ring)
Stlth   +++.......              (no ring)
HPRegen 0.16/turn               (no ring)
MPRegen 0.10/turn               (no ring)
                                (no ring)
                                (no ring)

@: brilliant, hasted, very quick
A: almost no armour, amphibious, 8 rings, camouflage 1, gelatinous body 1,
(nimble swimmer 1), tentacles, dopey 1, MP-powered wands
a: Renounce Religion, Receive Corpses


You were on level 4 of the Dungeon.
You worshipped Kikubaaqudgha.
Kikubaaqudgha was pleased with you.
You visited 1 branch of the dungeon, and saw 4 of its levels.
You also visited: Ossuary.

You collected 178 gold pieces.

Inventory:

Hand Weapons
 a - a +0 spear (weapon)
 c - a +0 hand crossbow
Missiles
 b - 44 bolts
Jewellery
 p - an amulet of faith
Wands
 o - a wand of charming (6)
Scrolls
 e - 4 scrolls of fog
 g - a scroll of holy word
 h - a scroll of teleportation
 l - 3 scrolls of noise
 m - a scroll of magic mapping
 q - a scroll of silence
 r - 2 scrolls of enchant armour
Potions
 d - a potion of brilliance
 i - a potion of magic {unknown}
 k - 2 potions of curing


   Skills:
 - Level 5.0 Fighting
 - Level 5.0 Dodging
 - Level 1.3 Stealth
 + Level 5.9 Ice Magic
 - Level 1.2 Poison Magic
 - Level 1.1 Evocations


You had 2 spell levels left.
You knew the following spells:

 Your Spells              Type           Power      Damage    Failure   Level
a - Freeze                Ice            100%       1d11      2%          1
b - Frozen Ramparts       Ice            50%        1d7       8%          3

Your spell library contained the following spells:

 Spells                   Type           Power      Damage    Failure   Level
 Ensorcelled Hibernation  Hex/Ice        24%        N/A       13%         2
 Pain                     Necr           0%         1d4       28%         1
 Corpse Rot               Necr/Air       N/A        N/A       41%         2
 Sublimation of Blood     Necr           0%         N/A       41%         2
 Ozocubu's Armour         Ice            25%        N/A       8%          3
 Dazzling Flash           Conj/Hex       0%         N/A       65%         3
 Tukima's Dance           Hex            0%         N/A       65%         3
 Vampiric Draining        Necr           0%         2d6       65%         3
 Hailstorm                Conj/Ice       12%        3d5       65%         4
 Iskenderun's Mystic Bla  Conj/Tloc      0%         2d3       96%         4
 Summon Lightning Spire   Summ/Air       0%         N/A       96%         4
 Starburst                Conj/Fire      0%         6d3       100%        6
 Storm Form               Tmut/Air       0%         N/A       100%        7
 Maxwell's Capacitive Co  Air            0%         ∞         100%        8


Dungeon Overview and Level Annotations

Branches:
Dungeon (4/15)            Ossuary (visited)
 Temple: D:4-7

Altars:
Kikubaaqudgha
Makhleb
Qazlal
Ru
Trog
Uskayaw
Wu Jian
Xom
Yredelemnul

Shops:
D:4 [


Innate Abilities, Weirdness & Mutations

You cannot wear most types of armour.
You are amphibious.
You can wear up to eight rings at the same time.
Your skin changes colour to match your surroundings (Stealth+).
Your rubbery body absorbs attacks. (AC +1, EV +1)
((You are camouflaged near water. (Stealth+)))
You have tentacles for arms and can constrict up to eight enemies at once.
You are dopey. (Int -2)
You expend magic power (3 MP) to strengthen your wands.


Message History

You feel clever all of a sudden. The phantom barely misses you.
Casting: Frozen Ramparts (dangerous; 8% risk of failure)
Confirm with . or Enter, or press ? or * to list all spells.
Aiming: Freeze (safe; 2% risk of failure)
Press: ? - help, Shift-Dir - straight line, f - phantom
Aim: a phantom (moderately damaged)
You feel a surge of power!
You freeze the phantom.
The phantom resists.
The phantom is moderately damaged.
The phantom barely misses you.
Press: ? - help, v - describe, . - travel
Here: a phantom (moderately damaged)
The floor.
Okay, then.
Unknown command.
Okay, then.
Unknown command.
Okay, then.
Unknown command.
You feel better. The phantom hits you.
* * * LOW HITPOINT WARNING * * *
The phantom blinks!
You blink.
You feel yourself speed up. The phantom completely misses you.
You hit the phantom. You squeeze the phantom.
The phantom is heavily damaged.
The phantom hits you!
* * * LOW HITPOINT WARNING * * *
You feel better. The phantom hits you.
* * * LOW HITPOINT WARNING * * *
The phantom blinks!
You blink.
You closely miss the phantom.
The phantom is heavily damaged.
The phantom misses you.
You barely miss the phantom.
The phantom is heavily damaged.
You hit the phantom but do no damage.
The phantom is heavily damaged.
The phantom hits you.
You die...
Kikubaaqudgha rasps: "You have failed me!
Welcome... death!"

####################
#............@W....#
#..................#
#.....[............#
#.########∩#########
#.# #.# #.# ###.###
####W# ##.....##
.....# #8.....8#
W##### ##.....##


You could see a phantom.

Vanquished Creatures
  Sigmund (D:2)
  An elf zombie (Ossuary)
  A human zombie (Ossuary)
  2 hounds (D:4)
  Terence (D:3)
  2 hound zombies (Ossuary)
  4 mummies (Ossuary)
  Robin (D:2)
  3 gnolls (D:3)
  2 adders
  A white imp (D:4)
  An adder skeleton (D:4)
  An adder zombie (Ossuary)
  2 dart slugs (D:1)
  10 bats
  8 endoplasms
  5 giant cockroaches
  A gnoll zombie (Ossuary)
  14 goblins
  10 hobgoblins
  3 jackals (D:4)
  3 kobolds
  2 quokkas (D:1)
  9 ball pythons
  2 frilled lizards
  3 hobgoblin zombies (Ossuary)
  A jackal zombie (Ossuary)
  An orc zombie (Ossuary)
  3 rats
  A rat zombie (Ossuary)
99 creatures vanquished.

Notes
Turn   | Place    | Note
-------+----------+-------------------------------------------
     0 | D:1      | omnomnOMINOUS the Octopode Wanderer began the quest for the
                  | Orb.
     0 | D:1      | omnomnOMINOUS set off with the following items: a +0 hand
                  | crossbow, 27 bolts, a +0 spear; and the following spell
                  | memorised: Freeze; and the following spells available to
                  | memorise: Frozen Ramparts, Ozocubu's Armour, Hailstorm
     0 | D:1      | Reached XP level 1. HP: 18/18 MP: 1/1
   113 | D:1      | Reached skill level 1 in Dodging
   113 | D:1      | Reached XP level 2. HP: 24/24 MP: 0/2
   689 | D:1      | Found a faded altar of an unknown god.
   700 | D:1      | Reached XP level 3. HP: 23/29 MP: 0/3
   704 | D:1      | Became a worshipper of Kikubaaqudgha
   704 | D:1      | Reached * piety under Kikubaaqudgha
   704 | D:1      | Received a gift from Kikubaaqudgha
  1305 | D:2      | Noticed Sigmund
  1638 | D:2      | Killed Sigmund
  1639 | D:2      | Reached XP level 4. HP: 18/35 MP: 0/4
  1639 | D:2      | Reached XP level 5. HP: 20/39 MP: 0/5
  1853 | D:2      | Learned a level 3 spell: Frozen Ramparts
  2092 | D:2      | Reached ** piety under Kikubaaqudgha
  2093 | D:2      | Reached XP level 6. HP: 41/45 MP: 6/6
  2094 | D:2      | Noticed Robin
  2103 | D:2      | Killed Robin
  2848 | D:3      | Found a burning altar of Makhleb.
  2850 | D:3      | Found a shimmering altar of Xom.
  2850 | D:3      | Found a bloodstained altar of Trog.
  2850 | D:3      | Found a stormy altar of Qazlal.
  2852 | D:3      | Found a basalt altar of Yredelemnul.
  2853 | D:3      | Found a sacrificial altar of Ru.
  2952 | D:3      | Found an ornate altar of the Wu Jian Council.
  2952 | D:3      | Found a hide-covered altar of Uskayaw.
  3060 | D:3      | Noticed Terence
  3071 | D:3      | Killed Terence
  3201 | D:4      | Reached skill level 5 in Ice Magic
  3411 | D:4      | Found Ynubomip's Antique Armour Boutique.
  3455 | D:4      | Found a sand-covered staircase.
  3462 | Ossuary  | Entered an ossuary
  3490 | Ossuary  | Gained mutation: You are dopey. (Int -2) [potion of
                  | mutation]
  3490 | Ossuary  | Gained mutation: You expend magic power (3 MP) to
                  | strengthen your wands. [potion of mutation]
  3503 | Ossuary  | Reached XP level 7. HP: 13/50 MP: 2/7
  3511 | Ossuary  | HP: 2/50 [elf zombie (6)]
  3513 | Ossuary  | Reached skill level 5 in Dodging
  4058 | D:4      | Slain by a phantom

Illustrated notes

Levels and vault maps discovered:
D:1:      lemuel_arrival_funnel, layout_loops_ring,
          shapermc_ecumenical_altar_mp_highgroup, minivault_24
D:2:      kennysheep_big_flooded_room, layout_basic, uniq_sigmund, uniq_robin
D:3:      layout_loops_ring, grunt_temple_overflow_open,
          chequers_temple_overflow_statue_of_worship, small_statue_intersection,
          uniq_terence
D:4:      layout_rooms, serial_shops, nicolae_shop_competitors_out_of_business,
          chequers_ossuary_entry_cave

Skill      XL: |  1  2  3  4  5  6  7 |
---------------+----------------------+-----
Dodging        | 1 3 4 5 |  5.0
Ice Magic      | 4 5 |  5.9
Fighting       | |  5.0
Stealth        | |  1.3
Poison Magic   | |  1.2
Evocations     | |  1.1

Action                   |  1- 3 |  4- 6 |  7- 9 || total
-------------------------+-------+-------+-------++-------
Melee: Spear             |    93 |   118 |    53 ||   264
       Constrict         |    10 |    26 |     6 ||    42
       Tentacles         |     7 |    20 |    12 ||    39
 Cast: Freeze            |     8 |     6 |     1 ||    15
       Frozen Ramparts   |       |     7 |     1 ||     8
  Use: Potion            |     1 |     4 |     5 ||    10
       Scroll            |       |     1 |     7 ||     8
 Stab: Sleeping          |    11 |    10 |       ||    21
       Distracted        |     1 |       |       ||     1
       Invisible         |       |     1 |     2 ||     3
Armor: Skin              |     4 |     7 |     1 ||    12
Dodge: Dodged            |    42 |    77 |    26 ||   145

Table legend: (Time is in decaauts)
 A = Elapsed time spent in this place.
 B = Non-inter-level travel time spent in this place.
 C = Inter-level travel time spent in this place.
 D = Time resting spent in this place.
 E = Time spent auto-exploring this place.
 F = Levels seen in this place.
 G = Mean time per level.
                   A        B        C        D        E       F      G
               +--------+--------+--------+--------+--------+-----+--------+
         Total |   4066 |   3982 |     84 |    801 |   2302 |   5 |  813.2 |
       Dungeon |   3507 |   3423 |     84 |    553 |   2155 |   4 |  876.8 |
       Ossuary |    558 |    558 |      0 |    248 |    147 |   1 |  558.0 |
               +--------+--------+--------+--------+--------+-----+--------+

Top non-repeatable levels by time:
     D:2: 1525 daAuts
     D:1: 893 daAuts
     D:3: 775 daAuts
 Ossuary: 558 daAuts
     D:4: 313 daAuts
